 Dungeon Sprint DCSS version 0.28.0-53-g5a82cb258f (webtiles) character file.

Game seed: 5624423062792477286

252 Zeld the Changer (level 5, -7/48 HPs)
             Began as a Draconian Transmuter on June 11, 2022.
             Was an Initiate of Sif Muna.
             Splashed by a jelly's acid (10 damage)
             ... in the Dungeon (Sprint I: "Red Sonja").
             The game lasted 00:00:45 (712 turns).

Zeld the Changer (Draconian Transmuter)              Turns: 712, Time: 00:00:45

Health: -7/48      AC: -10   Str: 14    XL:     5   Next: 89%
Magic:  11/13      EV: 19    Int: 14    God:    Sif Muna [......]
Gold:   162        SH:  0    Dex: 16    Spells: 6/16 levels left

rFire   . . .      SeeInvis .     - Unarmed
rCold   . . .      Faith    .   (shield currently unavailable)
rNeg    . . .      Spirit   .   (armour unavailable)
rPois   x          Reflect  .   (helmet currently unavailable)
rElec   .          Harm     .   (cloak currently unavailable)
rCorr   .          Rampage  .   (gloves currently unavailable)
Will    .....      NoTele   +   (boots currently unavailable)
Stlth   +.........              (no amulet)
HPRegen 0.16/turn               (no ring)
MPRegen 0.13/turn               (no ring)

@: spider-form, corroded
A: venomous fangs, AC +5, tiny, unfitting armour, (cold-blooded)
a: End Transformation, Renounce Religion


You were in the Dungeon.
You worshipped Sif Muna.
Sif Muna was noncommittal.
You were a venomous arachnid creature.
You visited 1 branch You collected 162 gold pieces.

Inventory:

Wands
 e - a wand of polymorph (5)
Scrolls
 f - a scroll of blinking
Potions
 a - a potion of curing
 b - 2 potions of flight {unknown}
 c - a potion of haste
 d - 2 potions of magic


   Skills:
 + Level 5.3 Fighting
 - Level 1.7 Dodging
 + Level 5.4 Unarmed Combat
 * Level 6.3 Spellcasting
 * Level 6.9 Transmutations
 + Level 3.7 Evocations


You had 6 spell levels left.
You knew the following spells:

 Your Spells              Type           Power      Damage    Failure   Level
a - Beastly Appendage     Tmut           46%        N/A       4%          1
b - Wereblood             Tmut           23%        N/A       6%          2
c - Spider Form           Tmut/Pois      14%        N/A       26%         3
d - Ice Form              Ice/Tmut       14%        N/A       58%         4

Your spell library contained the following spells:

 Spells                   Type           Power      Damage    Failure   Level


Dungeon Overview and Level Annotations

Branches:
Dungeon (1/1)

Altars:
Sif Muna
Vehumet
Wu Jian


Innate Abilities, Weirdness & Mutations

You are a venomous arachnid creature.
You have poisonous fangs.
You are tiny and dextrous.
Your spellcasting is less reliable in this form.
Your armour is entirely melded.
You are incapable of wielding weapons or throwing items.
((Your plain brown scales are hard. (AC +5)))
You cannot fit into any form of body armour.
((You are cold-blooded and may be slowed by cold attacks.))


Message History

A jelly is nearby!
Unknown command.
Press < or > to pray at altars.
The jelly hits you.
You are splashed with acid!
You hit the jelly but do no damage.
Your front legs burn!
Casting: Spider Form (dangerous; 26% risk of failure)
Confirm with . or Enter, or press ? or * to list all spells.
The spell is extremely dangerous to miscast (58% risk of failure)!
Continue anyway? [Y]es or [N]o only, please.
The spell is extremely dangerous to miscast (58% risk of failure)!
Continue anyway? [Y]es or [N]o only, please.
The spell is extremely dangerous to miscast (58% risk of failure)!
Continue anyway? [Y]es or [N]o only, please.
The spell is extremely dangerous to miscast (58% risk of failure)!
Continue anyway?
Okay, then.
You hit the jelly but do no damage.
The jelly is poisoned.
Your front legs burn!
The jelly barely misses you.
You hit the jelly. The acid corrodes you!
Your front legs burn!
The jelly is moderately wounded.
The jelly misses you.
You hit the jelly but do no damage.
Your front legs burn!
The jelly is moderately wounded.
The jelly closely misses you.
A jelly is nearby!
You open the door. 2 centaur warriors come into view.
The centaur warrior wields a +0 vorpal shortbow.
The centaur warrior shoots an arrow.
The arrow misses you. The jelly closely misses you.
The centaur warrior shoots an arrow.
The arrow hits you!
The centaur warrior shouts!
You close the door.
The jelly hits you.
* * * LOW HITPOINT WARNING * * *
The acid corrodes you!
You are splashed with acid!
* * * LOW HITPOINT WARNING * * *
Unknown command.
The jelly hits you.
* * * LOW HITPOINT WARNING * * *
The acid corrodes you!
You are splashed with acid!
You die...

################
#<.#..'..#..'..#
#..)).#..').#..+
#..#####'#####'#
#..# #..# #)# ##
# #..# ####
##s#≈§§§c# #..#
#+#J.+≈≈§§§+
#⌠⌠#
+..._#≈§≈.c#
#### #_.#+#
+#### ##+


You could see a jelly (very poisoned).

Vanquished Creatures
  Sigmund (D)
  An ogre (D)
  Ijyb (D)
3 creatures vanquished.

Notes
Turn   | Place    | Note
-------+----------+-------------------------------------------
     0 | D        | Zeld the Draconian Transmuter began the quest for the Orb.
     0 | D        | Reached XP level 1. HP: 16/16 MP: 3/3
     3 | D        | Noticed Ijyb
    11 | D        | Killed Ijyb
    12 | D        | Reached XP level 2. HP: 25/25 MP: 2/6
   157 | D        | Learned a level 2 spell: Wereblood
   161 | D        | Noticed an ogre
   165 | D        | HP: 1/25 [ogre/+0 giant club (24)]
   172 | D        | Killed an ogre
   173 | D        | Reached skill level 5 in Transmutations
   173 | D        | Reached XP level 3. HP: 13/33 MP: 6/9
   173 | D        | Reached XP level 4. HP: 16/40 MP: 6/10
   177 | D        | Learned a level 3 spell: Spider Form
   182 | D        | Learned a level 4 spell: Ice Form
   461 | D        | Noticed Sigmund
   469 | D        | Killed Sigmund
   470 | D        | Reached skill level 5 in Fighting
   470 | D        | Reached skill level 5 in Unarmed Combat
   470 | D        | Reached XP level 5. HP: 38/48 MP: 8/13
   697 | D        | Found an ornate altar of the Wu Jian Council.
   697 | D        | Found a shimmering blue altar of Sif Muna.
   699 | D        | Found a radiant altar of Vehumet.
   703 | D        | Became a worshipper of Sif Muna the Loreminder
   710 | D        | Noticed a centaur warrior
   710 | D        | Noticed a centaur warrior
   712 | D        | Splashed by a jelly's acid

Illustrated notes

Levels and vault maps discovered:
D:        dungeon_sprint_1 [red_sonja_temple_1, red_sonja_temple_small_1]

Skill      XL: |  1  2  3  4 |
---------------+-------------+-----
Fighting       | 2 3 5 |  5.3
Spellcasting   | 3 4 6 |  6.3
Transmutations | 3 5 6 |  6.9
Unarmed Combat | 4 5 |  5.4
Evocations     | 2 3 |  3.7
Dodging        | |  1.7

Action                   |  1- 3 |  4- 6 || total
-------------------------+-------+-------++-------
Melee: Unarmed           |    13 |    11 ||    24
       Tailslap          |     3 |       ||     3
       Kick              |     4 |       ||     4
       Headbutt          |     1 |       ||     1
 Cast: Beastly Appendage |     3 |       ||     3
       Spider Form       |       |     2 ||     2
Evoke: Wand              |     1 |       ||     1
  Use: Potion            |     2 |       ||     2
Armor: Skin              |     1 |     2 ||     3
Dodge: Dodged            |     3 |    10 ||    13
